Map: Dusk Towers

Players

LilDicky

  • Race: Terran Terran
  • League: Diamond

KyA - Winner!

  • Race: Zerg Zerg
  • League: Platinum

VOD

http://www.twitch.tv/tumescentpie

Description

Time

  • Played on: Dec. 6, 2015, 12:52 a.m.
  • Length: 18:45
Show
View Real Time Build Order
Export as new Build Order

LilDicky Terran 

Build Orders: Mech 

Get SALT Encoding   

  12  0:01  SCV  
  13  0:13  SCV  
  14  0:18  Supply Depot  
  14  0:26  SCV  
  15  0:29  Refinery  
  15  0:39  SCV  
  16  0:45  Barracks  
  16  0:51  SCV  
  17  1:04  SCV  
  18  1:16  SCV  
  19  1:32  Supply Depot  
  21  1:33  Reaper  
  21  1:35  Orbital Command  
  20  1:46  Command Center  
  20  1:57  Supply Depot  
  20  2:02  SCV  
  20  2:03  Refinery  
  21  2:11  Barracks Tech Lab  
  21  2:18  Factory  
  21  2:21  SCV  
  22  2:29  Marine  
  23  2:33  SCV  
  24  2:45  SCV  
  25  2:58  SCV  
  26  3:00  Orbital Command  
  26  3:03  Command Center  
  26  3:13  Siege Tank  
  26  3:14  Marine  
  26  3:19  SCV  
  30  3:31  SCV x2  
  30  3:32  Marine  
  33  3:43  SCV  
  33  3:45  Siege Tank  
  33  3:47  Starport  
  37  3:57  SCV  
  37  3:58  Barracks Reactor, SCV  
  37  4:02  Refinery x2  
  39  4:09  SCV  
  34  4:19  Orbital Command  
  33  4:26  SCV  
  33  4:28  SCV  
  34  4:38  SCV, Viking  
  35  4:40  SCV, Marine x2  
  39  4:49  SCV  
  39  4:51  Siege Tank  
  43  4:58  SCV x2  
  45  5:00  Engineering Bay, Marine  
  45  5:02  SCV  
  45  5:04  Marine  
  45  5:05  Liberator  
  48  5:10  SCV x2  
  48  5:14  SCV  
  51  5:22  SCV  
  51  5:24  Siege Tank  
  58  5:39  Orbital Command  
  55  5:47  SCV x2  
  57  5:53  Factory  
  57  5:54  Factory  
  57  5:56  Siege Tank, Missile Turret  
  60  5:59  SCV  
  60  6:00  Missile Turret  
  61  6:07  SCV  
  61  6:11  SCV  
  63  6:15  SCV  
  64  6:19  SCV  
  64  6:23  SCV, Viking  
  64  6:24  Viking  
  70  6:27  SCV  
  70  6:28  Siege Tank  
  74  6:41  Factory Reactor  
  74  6:42  Factory Reactor  
  74  6:44  SCV x2  
  76  6:50  Missile Turret  
  76  6:55  SCV  
  76  6:58  Refinery  
  76  6:59  Refinery  
  76  7:01  Missile Turret  
  77  7:06  Supply Depot  
  77  7:07  Supply Depot  
  77  7:10  Missile Turret, Liberator x2  
  77  7:22  Supply Depot x2  
  77  7:27  Supply Depot, SCV x2  
  88  7:30  SCV  
  88  7:32  Hellion x2  
  88  7:36  Hellion  
  92  7:39  Armory, SCV  
  92  7:42  Armory  
  93  7:45  Missile Turret  
  93  7:47  Supply Depot  
  93  7:49  SCV x2, Supply Depot  
  95  7:58  Hellion x2, Siege Tank  
  102  7:59  Hellion  
  102  8:01  SCV  
  102  8:04  SCV  
  94  8:28  Missile Turret  
  94  8:41  Missile Turret  
  94  8:45  SCV  
  95  8:48  Missile Turret  
  95  8:50  SCV x2  
  95  8:51  Missile Turret x2  
  95  8:54  Terran Vehicle And Ship Armor Level 1  
  97  8:57  SCV  
  98  9:04  SCV  
  98  9:05  SCV  
  98  9:08  Terran Vehicle Weapons Level 1  
  98  9:09  SCV  
  101  9:10  Widow Mine x2  
  101  9:16  SCV  
  103  9:29  Viking x2  
  104  9:31  Widow Mine  
  104  9:32  Widow Mine  
  104  9:34  Thor  
  104  9:35  SCV x3  
  117  9:40  Command Center  
  117  9:47  SCV  
  110  9:54  Widow Mine x2  
  110  9:55  SCV  
  110  9:59  Viking  
  113  10:02  Missile Turret  
  113  10:04  Missile Turret  
  113  10:05  SCV  
  113  10:06  SCV  
  115  10:13  Starport  
  115  10:14  Starport  
  115  10:15  SCV, Widow Mine x2  
  115  10:17  Thor, Factory  
  115  10:18  SCV, Factory  
  127  10:40  SCV  
  127  10:41  SCV x2  
  130  10:48  Missile Turret  
  130  10:52  SCV  
  130  10:53  SCV, Refinery  
  130  10:54  Refinery  
  130  10:55  Missile Turret x2  
  132  10:57  Missile Turret x2  
  132  11:02  SCV  
  132  11:03  Missile Turret  
  133  11:06  Infernal Pre-Igniter  
  133  11:07  Factory Tech Lab  
  133  11:08  Factory Tech Lab  
  133  11:10  Widow Mine x2  
  133  11:11  Widow Mine  
  143  11:17  Missile Turret  
  145  11:20  Starport Reactor  
  145  11:23  Terran Vehicle Weapons Level 2  
  145  11:26  Starport Tech Lab  
  145  11:27  Terran Vehicle And Ship Armor Level 2  
  143  11:37  Hellion  
  143  11:39  Thor x2  
  143  11:40  Widow Mine x2  
  143  11:42  Drilling Claws  
  147  11:48  Widow Mine  
  149  11:55  Viking x2  
  149  11:57  Banshee  
  149  11:58  Viking  
  149  11:59  Viking  
  160  12:02  Orbital Command  
  160  12:04  SCV x2  
  162  12:13  Cloaking Field  
  162  12:15  Fusion Core  
  162  12:16  Hellion  
  166  12:23  Supply Depot x2, Hellion  
  166  12:24  Supply Depot  
  166  12:25  SCV  
  166  12:26  Supply Depot  
  167  12:33  Widow Mine x2  
  171  12:43  SCV  
  172  12:44  Thor, Widow Mine  
  172  12:45  SCV x2  
  172  12:48  Supply Depot x2  
  180  12:57  SCV  
  175  12:58  Liberator x2  
  175  13:02  Liberator x2  
  175  13:06  Banshee  
  175  13:10  SCV x2  
  188  13:13  Thor, Widow Mine  
  197  13:21  Behemoth Reactor  
  197  13:22  Armory  
  198  14:01  Terran Vehicle And Ship Armor Level 3, Terran Vehicle Weapons Level 3  
  197  14:15  Missile Turret  
  192  14:25  Battlecruiser  
  192  14:26  Command Center  
  198  14:32  Starport x2  
  198  14:34  Starport  
  198  14:35  Hi-Sec Auto Tracking, Starport  
  198  14:36  Terran Ship Weapons Level 1  
  198  14:38  Weapon Refit  
  190  15:19  Starport Tech Lab x3  
  190  15:20  Starport Tech Lab  
  186  15:44  Mag-Field Accelerator  
  186  15:47  Corvid Reactor  
  186  15:51  Advanced Ballistics, Hyperflight Rotors  
  186  15:58  Refinery  
  186  16:04  Banshee  
  186  16:05  Banshee x3  
  162  16:29  Battlecruiser  
  124  16:45  Thor  
  115  16:47  Banshee  
  115  16:48  Banshee, Battlecruiser x2  
  115  16:51  Hellion x5  
  131  17:12  Hellion x4  
  131  17:13  Hellion  
  141  17:28  Hellion  
  143  17:30  Banshee  
  143  17:34  Hellion x5  
  156  17:50  Hellion  
  158  17:55  Command Center, Hellion x5  
  158  17:56  Command Center  
  168  18:01  Raven  
  182  18:11  Siege Tank  
  183  18:16  Hellion x3  
  183  18:17  Hellion x2  
Show
View Real Time Build Order
Export as new Build Order

KyA Zerg - Winner!

Build Orders: Pool First 

Get SALT Encoding   

  12  0:13  Overlord  
  13  0:14  Drone  
  13  0:17  Drone  
  14  0:31  Drone  
  15  0:37  Drone  
  16  0:46  Spawning Pool  
  16  0:47  Drone  
  16  0:49  Extractor  
  15  0:57  Drone  
  16  1:08  Drone  
  17  1:18  Drone  
  18  1:29  Hatchery, Drone  
  18  1:39  Drone  
  19  1:51  Drone  
  19  1:52  Metabolic Boost  
  20  1:59  Queen  
  22  2:03  Overlord  
  22  2:12  Overlord  
  22  2:23  Zergling x2  
  23  2:34  Zergling x2  
  23  2:35  Evolution Chamber  
  23  2:43  Zergling x2  
  24  2:46  Zergling x2  
  24  2:53  Zergling x2  
  24  2:55  Zergling x2  
  24  2:57  Queen  
  28  3:00  Pneumatized Carapace  
  28  3:06  Zergling x4  
  28  3:12  Drone x3  
  33  3:21  Drone x2  
  33  3:24  Drone  
  36  3:30  Drone  
  37  3:37  Drone  
  38  3:44  Drone  
  38  3:46  Overlord  
  39  3:54  Drone x3  
  41  3:57  Drone  
  42  4:07  Drone x2  
  43  4:22  Drone x3  
  43  4:32  Drone  
  43  4:38  Zergling x2  
  45  4:41  Hatchery, Drone  
  45  4:45  Lair  
  45  4:46  Extractor x2  
  45  4:50  Drone  
  45  4:51  Drone, Extractor  
  44  4:53  Queen  
  44  4:58  Zergling x2  
  47  5:05  Zergling x6  
  47  5:06  Overlord  
  50  5:16  Drone  
  50  5:18  Zerg Melee Weapons Level 1  
  51  5:22  Drone  
  51  5:23  Overlord  
  51  5:24  Overlord  
  51  5:28  Drone  
  50  5:44  Drone x4  
  50  5:47  Spire  
  53  5:59  Queen  
  53  6:00  Drone, Extractor  
  53  6:01  Drone x8  
  53  6:02  Drone  
  53  6:04  Drone  
  65  6:09  Zergling x2  
  65  6:10  Drone x3  
  69  6:13  Zergling x2  
  71  6:18  Drone  
  71  6:20  Zergling x2  
  71  6:24  Zergling x2  
  73  6:26  Drone  
  73  6:27  Overlord x2  
  73  6:28  Overlord  
  72  6:37  Drone x3  
  73  6:42  Drone, Extractor  
  73  6:43  Overlord x2  
  73  6:58  Overlord  
  73  7:00  Mutalisk  
  75  7:01  Mutalisk x8  
  75  7:04  Mutalisk  
  75  7:07  Zergling x2  
  94  7:14  Roach Warren, Corruptor x3  
  99  7:22  Zerg Missile Weapons Level 1  
  99  7:24  Overlord  
  99  7:36  Drone  
  100  7:39  Drone x3  
  100  7:40  Evolution Chamber  
  102  7:51  Hatchery, Drone x2  
  104  7:54  Roach x3  
  104  7:55  Roach x6  
  104  7:56  Overlord x2  
  115  8:35  Roach  
  115  8:36  Roach x10  
  115  8:39  Overlord x3  
  137  8:50  Zerg Flyer Weapons Level 1  
  137  8:57  Drone x7  
  146  9:03  Roach x2  
  146  9:06  Extractor  
  147  9:10  Extractor  
  140  9:31  Overlord x4  
  136  9:36  Hydralisk Den  
  136  9:38  Zerg Missile Weapons Level 2  
  135  9:41  Zerg Ground Armor Level 1  
  128  9:55  Drone x12  
  128  9:59  Queen  
  141  10:12  Glial Reconstitution  
  141  10:16  Burrow  
  141  10:21  Drone  
  141  10:22  Hatchery  
  141  10:27  Spine Crawler  
  140  10:30  Spine Crawler  
  140  10:32  Spine Crawler  
  140  10:34  Spore Crawler  
  137  10:36  Spine Crawler  
  137  10:37  Spine Crawler  
  137  10:38  Drone  
  137  10:39  Drone, Spine Crawler x2  
  137  10:42  Spine Crawler  
  134  10:44  Drone x6  
  140  10:52  Infestation Pit  
  140  10:53  Lurker Den  
  139  10:59  Roach x4  
  139  11:00  Roach x2  
  139  11:03  Ravager x2  
  139  11:04  Ravager x6  
  157  11:10  Roach x5  
  169  11:57  Hive, Pathogen Glands  
  169  12:07  Queen  
  171  12:17  Zerg Ground Armor Level 2  
  171  12:18  Zerg Melee Weapons Level 2  
  171  12:21  Evolution Chamber, Tunneling Claws  
  170  12:23  Extractor  
  170  12:28  Extractor  
  168  12:50  Spine Crawler  
  167  12:52  Spine Crawler  
  167  12:56  Spore Crawler x2  
  167  12:57  Spore Crawler  
  163  13:04  Infestor x6  
  175  13:16  Viper x5  
  175  13:17  Evolution Chamber, Viper  
  175  13:18  Evolution Chamber x2  
  190  13:21  Evolution Chamber, Muscular Augments  
  190  13:22  Hydralisk  
  190  13:23  Hydralisk x4  
  197  14:33  Zerg Missile Weapons Level 3  
  197  14:35  Overseer x2  
  197  14:38  Overlord  
  197  15:03  Zerg Ground Armor Level 3  
  197  15:04  Zerg Melee Weapons Level 3  
  188  15:26  Drone  
  188  15:28  Drone x6  
  194  15:29  Drone  
  197  15:55  Spine Crawler  
  195  15:57  Spine Crawler  
  81  17:02  Roach x3  
  81  17:03  Roach x28  
  81  17:04  Roach x2  
  151  17:08  Hydralisk x3  
  151  17:09  Hydralisk x6  
  151  17:10  Hydralisk x4  
  151  17:11  Overlord x5  
  173  17:21  Overseer  
  160  17:26  Corruptor x8  
  160  17:28  Overlord  
  160  17:29  Overlord  
  172  17:32  Spore Crawler  
  172  17:36  Ravager x2  
  175  17:37  Ravager x2  
  173  17:50  Ravager x6  
  179  17:53  Viper x4  
  179  17:54  Viper  
  194  18:01  Overseer  
Tags
 
Add a new tag
Caveats
  • Supply blocks, unpowered buildings, or Contaminate may cause inaccurate times.
  • Supply counts are checked every 10 seconds.